Condors vs Checkers 2

Created - 4 février 2024 at 16:58

Goals
1 2 3 T
Condors 0 0 2 2
Checkers 2 0 2 2 4
Shots
1 2 3 T
Condors 3 7 7 17
Checkers 2 2 11 8 21

GoalsPenalties
1st period
No Goal
Tristen Nielsen (EDM) for Holding (Minor) at 19:12
2nd period
1. Checkers 2 , Brett Ritchie 38 (Max Pacioretty 40, Joel Hanley 15) at 0:11 (PP)
2. Checkers 2 , Nathan Walker 13 (Sheldon Dries 17, Joel Kiviranta 29) at 1:15 (PP)
Jonathan Aspirot (EDM) for Holding Stick (Minor) at 0:35
Alexander True (EDM) for Goalie Interference (Minor) at 3:20
Wayne Simmonds (SEA) for Goalie Interference (Minor) at 5:38
Tristen Nielsen (EDM) for Cross-checking (Minor) at 12:09
Jonathan Aspirot (EDM) for Tripping (Minor) at 13:00
3rd period
3. Checkers 2 , Laurent Dauphin 23 (Max Pacioretty 41, Conor Timmins 20) at 1:16
4. Condors , Alexander True 17 (Jonathan Aspirot 10, Dmitri Samorukov 7) at 3:40 (PP)
5. Condors , Andre Lee 1 (James Hamblin 21, Hunter Shepard) at 9:30
6. Checkers 2 , Nathan Walker 14 (Jake Christiansen 4, Conor Timmins 21) at 10:50
Brett Ritchie (SEA) for Fighting (Major) at 0:15
Max Jones (EDM) for Fighting (Major) at 0:15
Max Pacioretty (SEA) for Holding Stick (Minor) at 2:56
Jonathan Aspirot (EDM) for Hooking (Minor) at 11:33
Goalie Stats
Hunter Shepard (EDM), 17 saves from 21 shots - (0,810), L, 13-13-4, 60:00 minutes
David Rittich (SEA), 15 saves from 17 shots - (0,882), W, 45-19-5, 60:00 minutes
3 StarsOfficial
1 - Nathan Walker (SEA)
2 - Conor Timmins (SEA)
3 - Laurent Dauphin (SEA)
Referees : Elizabeth Mantha and Maria Furberg
Linesman : Derek Morris and Shandor Alphonso
Game Note
Max Jones beats up Brett Ritchie at 0:15 of 3rd period



Team Name Goals Shots Shots Attemp Shots Blocked PIM HIT PP PK FO%
Condors 217391117181 / 2 (50%)247%
Checkers 2 4213969102 / 6 (33%)153%

Condors
Player Name POS G A P +/- PIM HIT SHT SB MP PP MP PP SHT PK MP PK SHT FO% FOT GA TA
Alexander TrueC/RW101-1213017:391:2321:47125% 810
Andre LeeC/LW101-1011016:281:2300:0000% 100
Austin RueschhoffRW000-1030017:331:2000:510100% 200
Brandon ScanlinD0000010011:060:0000:0000% 000
Cole FonstadLW0001001013:050:0000:0000% 000
Connor BunnamanC/LW000001008:420:0002:01033% 310
Dmitri SamorukovD0110032224:231:3604:2100% 000
Grant HuttonD000-1010318:281:0702:5100% 000
Hunter McKownC000-1010023:271:2004:52053% 1700
Jack St. IvanyD000-1000018:131:0702:4600% 000
James HamblinC/RW011-1021115:531:2300:0000% 020
Jonathan AspirotD0110603122:281:3602:2400% 000
Max JonesLW/RW0000523118:501:0100:0000% 000
Nick WolffD000000017:570:0000:4100% 000
Nikolai KnyzhovD000000008:500:0001:2000% 000
Tristen NielsenC0000403015:030:1901:3520% 110
Vasili PonomarevC0001020018:390:0004:40054% 1310
Zack HayesD0000000213:340:0002:3000% 000
Checkers 2
Player Name POS G A P +/- PIM HIT SHT SB MP PP MP PP SHT PK MP PK SHT FO% FOT GA TA
Alex GalchenyukC/LW/RW000-1021013:060:0000:0800% 201
Brett RitchieRW1010513022:035:1310:57050% 200
Cale FleuryD0000000014:411:1800:0000% 000
Colton WhiteD0000002126:506:2100:0000% 001
Conor TimminsD0221011019:132:0601:2700% 003
Hudson FaschingRW0000010013:500:0000:0000% 000
Jake ChristiansenD0111001017:030:0001:1600% 000
Joel HanleyD0110000028:537:0901:2700% 000
Joel KivirantaLW/RW0111010019:383:1401:1000% 000
Laurent DauphinC1010006122:585:1321:10059% 2900
Max PaciorettyLW0220222122:425:1300:0000% 000
Michael Del ZottoD000000002:180:0000:0000% 000
Nathan WalkerLW2022004121:203:1410:3600% 101
Parker KellyC/LW000000004:240:0000:0000% 000
Scott HarringtonD0000010113:290:0001:1600% 000
Sheldon DriesC0111010120:393:1401:25055% 1100
Victor MeteD000000000:050:0000:0000% 000
Wayne SimmondsLW/RW0000201014:020:0000:0000% 000

Condors

5 vs 5 Forward
Line #Left WingCenterRight WingPHYDFOFWanted %Time %Time Play
1Max JonesHunter McKownAustin Rueschhoff1224035%17:17
2Andre LeeAlexander TrueJames Hamblin1223031%15:11
3Cole FonstadVasili PonomarevMax Jones1222023%11:21
4Andre LeeTristen NielsenHunter McKown1311010%5:01
5 vs 5 Defense
Line #DefenseDefensePHYDFOFWanted %Time %Time Play
1Dmitri SamorukovJonathan Aspirot1224037%17:52
2Jack St. IvanyGrant Hutton1223027%13:18
3Brandon ScanlinZack Hayes1222022%10:54
4Nick WolffNikolai Knyzhov1221014%6:46
Power Play Forward
Line #Left WingCenterRight WingPHYDFOFWanted %Time %Time Play
1Max JonesHunter McKownAustin Rueschhoff1046049%1:20
2Andre LeeAlexander TrueJames Hamblin1044051%1:23
Power Play Defense
Line #DefenseDefensePHYDFOFWanted %Time %Time Play
1Dmitri SamorukovJonathan Aspirot0146059%1:36
2Jack St. IvanyGrant Hutton0054041%1:07
Penalty Kill 4 Players Forward
Line #CenterWingPHYDFOFWanted %Time %Time Play
1Vasili PonomarevHunter McKown0416072%5:15
2Alexander TrueTristen Nielsen0414028%2:04
Penalty Kill 4 Players Defense
Line #DefenseDefensePHYDFOFWanted %Time %Time Play
1Dmitri SamorukovJonathan Aspirot1316062%4:33
2Jack St. IvanyGrant Hutton1314038%2:46
Penalty Kill 3 Players
Line #WingPHYDFOFWanted %Time %Time PlayDefenseDefensePHYDFOFWanted %Time %Time Play
1Austin Rueschhoff1316075%0:51 Nikolai KnyzhovJonathan Aspirot13160100%1:08
2Hunter McKown1314025%0:17 Zack HayesBrandon Scanlin131400%0:00
4 vs 4 Forward
Line #CenterWingPHYDFOFWanted %Time %Time Play
1Tristen NielsenHunter McKown122600%0:00
2Alexander TrueTristen Nielsen122400%0:00
4 vs 4 Defense
Line #DefensePHYDFOFWanted %Time %Time Play
1Dmitri SamorukovJonathan Aspirot122600%0:00
2Jack St. IvanyGrant Hutton122400%0:00
Last Minutes Offensive
Left WingCenterRight WingDefenseDefense
Max JonesAndre LeeJames HamblinZack HayesJonathan Aspirot
Last Minutes Defensive
Left WingCenterRight WingDefenseDefense
Cole FonstadHunter McKownAustin RueschhoffNikolai KnyzhovBrandon Scanlin
Time
Total ForwardTotal DefenseLast Minutes OffensiveLast Minutes Defensive
60:00 60:00 0:000:00
Extra Forwards
Normal PowerPlayPenalty Kill
Tristen Nielsen, James Hamblin, Vasili PonomarevTristen Nielsen, Cole FonstadVasili Ponomarev
Extra Defensemen
Normal PowerPlayPenalty Kill
Brandon Scanlin, Zack Hayes, Nick WolffBrandon Scanlin, Zack HayesNick Wolff
Penalty Shots
Austin Rueschhoff, Hunter McKown, Alexander True, Tristen Nielsen, James Hamblin
Goalie
Hunter Shepard, Akira Schmid
Scratches
Brayden Pachal (Healthy), Egor Afanasyev (Healthy), Patrick Giles (Healthy), Walker Duehr (Healthy), Cole Krygier (Healthy) Filip Roos (Healthy), Jordan Frasca (Healthy), Luke Toporowski (Healthy), Navrin Mutter (Healthy), Ty Tullio (Healthy) Olle Eriksson Ek (Healthy), Ryan Fanti (Healthy), Pavel Cajan (Healthy)

Checkers 2

5 vs 5 Forward
Line #Left WingCenterRight WingPHYDFOFWanted %Time %Time Play
1Max PaciorettyLaurent DauphinBrett Ritchie0234536%17:31
2Nathan WalkerSheldon DriesJoel Kiviranta0233034%16:48
3Wayne SimmondsBrett RitchieHudson Fasching0322025%11:59
4Alex GalchenyukMax PaciorettySheldon Dries03255%2:32
5 vs 5 Defense
Line #DefenseDefensePHYDFOFWanted %Time %Time Play
1Joel HanleyColton White0325042%20:35
2Conor TimminsJake Christiansen0323033%16:00
3Scott HarringtonCale Fleury0321024%11:40
4Joel HanleyConor Timmins032101%0:35
Power Play Forward
Line #Left WingCenterRight WingPHYDFOFWanted %Time %Time Play
1Max PaciorettyLaurent DauphinBrett Ritchie0236062%5:13
2Nathan WalkerSheldon DriesJoel Kiviranta0234038%3:14
Power Play Defense
Line #DefenseDefensePHYDFOFWanted %Time %Time Play
1Joel HanleyColton White0236075%6:21
2Conor TimminsJoel Hanley0234025%2:06
Penalty Kill 4 Players Forward
Line #CenterWingPHYDFOFWanted %Time %Time Play
1Laurent DauphinJoel Kiviranta0505048%1:18
2Sheldon DriesBrett Ritchie0505052%1:25
Penalty Kill 4 Players Defense
Line #DefenseDefensePHYDFOFWanted %Time %Time Play
1Joel HanleyConor Timmins1316053%1:27
2Scott HarringtonJake Christiansen1314047%1:16
Penalty Kill 3 Players
Line #WingPHYDFOFWanted %Time %Time PlayDefenseDefensePHYDFOFWanted %Time %Time Play
1Wayne Simmonds050600%0:00 Joel HanleyConor Timmins041600%0:00
2Hudson Fasching050400%0:00 Scott HarringtonJake Christiansen041400%0:00
4 vs 4 Forward
Line #CenterWingPHYDFOFWanted %Time %Time Play
1Laurent DauphinMax Pacioretty032500%0:00
2Sheldon DriesBrett Ritchie032500%0:00
4 vs 4 Defense
Line #DefensePHYDFOFWanted %Time %Time Play
1Joel HanleyColton White032600%0:00
2Conor TimminsJake Christiansen032400%0:00
Last Minutes Offensive
Left WingCenterRight WingDefenseDefense
Max PaciorettySheldon DriesBrett RitchieJoel HanleyColton White
Last Minutes Defensive
Left WingCenterRight WingDefenseDefense
Nathan WalkerLaurent DauphinJoel KivirantaConor TimminsScott Harrington
Time
Total ForwardTotal DefenseLast Minutes OffensiveLast Minutes Defensive
60:00 60:00 0:000:00
Extra Forwards
Normal PowerPlayPenalty Kill
Nathan Walker, Laurent Dauphin, Brett RitchieLaurent Dauphin, Brett RitchieNathan Walker
Extra Defensemen
Normal PowerPlayPenalty Kill
Joel Hanley, Conor Timmins, Scott HarringtonJoel Hanley, Conor TimminsScott Harrington
Penalty Shots
Max Pacioretty, Sheldon Dries, Brett Ritchie, Nathan Walker, Laurent Dauphin
Goalie
David Rittich, Antti Raanta
Scratches
Gage Quinney (Healthy), Xavier Ouellet (Healthy), Jeremy Davies (Healthy), Martin Kaut (Healthy), Mikhail Maltsev (Healthy) Noah Juulsen (Healthy), Alex Belzile (Healthy), Nate Thompson (Healthy), Jan Mysak (Healthy), Radim Zohorna (Healthy) Patrick Guay (Healthy), Pavel Francouz (Healthy), Maxime Lagace (Healthy), Zach Sawchenko (Healthy)


Play-by-Play

1st period


0:01 of 1st period - Laurent Dauphin wins face-off versus Hunter McKown in neutral zone.
0:36 of 1st period - Slapshot by Dmitri Samorukov.
0:36 of 1st period - Shot Misses the Net.
0:43 of 1st period - Icing by Colton White.
0:44 of 1st period - Vasili Ponomarev wins face-off versus Sheldon Dries in Checkers 2 zone.
0:47 of 1st period - Snap shot by Max Jones.
0:47 of 1st period - Stopped by David Rittich with a rebound.
1:36 of 1st period - Slapshot by Cole Fonstad.
1:36 of 1st period - Shot Misses the Net.
2:14 of 1st period - Snap shot by Max Jones.
2:14 of 1st period - Shot Misses the Net.
2:47 of 1st period - Wrist shot by Joel Kiviranta.
2:47 of 1st period - Shot Blocked by Max Jones.
3:05 of 1st period - Wrist shot by Max Jones.
3:05 of 1st period - Shot Misses the Net.
3:17 of 1st period - Snap shot by Cole Fonstad.
3:17 of 1st period - Stopped by David Rittich with a rebound.
3:27 of 1st period - Slapshot by Joel Kiviranta.
3:27 of 1st period - Shot Blocked by Grant Hutton.
3:44 of 1st period - Icing by Grant Hutton.
3:45 of 1st period - Laurent Dauphin wins face-off versus Vasili Ponomarev in Condors zone.
4:04 of 1st period - Snap shot by Max Jones.
4:04 of 1st period - Stopped by David Rittich without a rebound.
4:05 of 1st period - Brett Ritchie wins face-off versus Alexander True in Checkers 2 zone.
4:05 of 1st period - Brett Ritchie is hit by Alexander True.
4:13 of 1st period - Jonathan Aspirot is hit by Hudson Fasching and loses puck.
4:18 of 1st period - Slapshot by Conor Timmins.
4:18 of 1st period - Stopped by Hunter Shepard without a rebound.
4:19 of 1st period - Laurent Dauphin wins face-off versus Alexander True in Condors zone.
4:30 of 1st period - Wrist shot by Laurent Dauphin.
4:30 of 1st period - Stopped by Hunter Shepard without a rebound.
4:31 of 1st period - Alexander True wins face-off versus Laurent Dauphin in Condors zone.
6:57 of 1st period - Conor Timmins is hit by Brandon Scanlin and loses puck.
8:37 of 1st period - Brett Ritchie is hit by Dmitri Samorukov and loses puck.
12:43 of 1st period - Max Jones is hit by Max Pacioretty and loses puck.
13:33 of 1st period - Icing by Max Pacioretty.
13:34 of 1st period - Hunter McKown wins face-off versus Alex Galchenyuk in Checkers 2 zone.
17:36 of 1st period - Brett Ritchie is hit by Max Jones and loses puck.
18:00 of 1st period - Icing by Jake Christiansen.
18:01 of 1st period - Vasili Ponomarev wins face-off versus Laurent Dauphin in Checkers 2 zone.
19:12 of 1st period - Minor Penalty to Tristen Nielsen for Holding.
19:13 of 1st period - Vasili Ponomarev wins face-off versus Brett Ritchie in Condors zone.
19:27 of 1st period - Wrist shot by Vasili Ponomarev.
19:27 of 1st period - Shot Misses the Net.
19:39 of 1st period - Jonathan Aspirot is hit by Sheldon Dries and loses puck.
Goals for this period are 0 for Condors vs 0 for Checkers 2.
Shots for this period are 3 for Condors vs 2 for Checkers 2.

2nd period


0:01 of 2nd period - Laurent Dauphin wins face-off versus Vasili Ponomarev in neutral zone.
0:11 of 2nd period - Snap shot by Brett Ritchie.
0:11 of 2nd period - Goal by Brett Ritchie - Condors : 0 - Checkers 2 : 1.
0:12 of 2nd period - Laurent Dauphin wins face-off versus Hunter McKown in neutral zone.
0:15 of 2nd period - Wrist shot by Laurent Dauphin.
0:15 of 2nd period - Stopped by Hunter Shepard with a rebound.
0:17 of 2nd period - Wrist shot by Brett Ritchie.
0:17 of 2nd period - Stopped by Hunter Shepard with a rebound.
0:19 of 2nd period - Wrist shot by Max Pacioretty.
0:19 of 2nd period - Stopped by Hunter Shepard with a rebound.
0:21 of 2nd period - Snap shot by Max Pacioretty.
0:21 of 2nd period - Deflect By Brett Ritchie.
0:21 of 2nd period - Stopped by Hunter Shepard with a rebound.
0:23 of 2nd period - Backhand shot by Colton White.
0:23 of 2nd period - Stopped by Hunter Shepard with a rebound.
0:35 of 2nd period - Minor Penalty to Jonathan Aspirot for Holding Stick.
0:36 of 2nd period - Laurent Dauphin wins face-off versus Vasili Ponomarev in Condors zone.
0:43 of 2nd period - Snap shot by Laurent Dauphin.
0:43 of 2nd period - Stopped by Hunter Shepard without a rebound.
0:44 of 2nd period - Vasili Ponomarev wins face-off versus Laurent Dauphin in Condors zone.
1:15 of 2nd period - Snap shot by Nathan Walker.
1:15 of 2nd period - Goal by Nathan Walker - Condors : 0 - Checkers 2 : 2.
1:16 of 2nd period - Hunter McKown wins face-off versus Laurent Dauphin in neutral zone.
2:08 of 2nd period - Wrist shot by Vasili Ponomarev.
2:08 of 2nd period - Shot Misses the Net.
2:24 of 2nd period - Slapshot by Vasili Ponomarev.
2:24 of 2nd period - Shot Misses the Net.
2:26 of 2nd period - Wrist shot by Jonathan Aspirot.
2:26 of 2nd period - Stopped by David Rittich with a rebound.
3:06 of 2nd period - Snap shot by Max Pacioretty.
3:06 of 2nd period - Stopped by Hunter Shepard with a rebound.
3:20 of 2nd period - Minor Penalty to Alexander True for Goalie Interference.
3:21 of 2nd period - Laurent Dauphin wins face-off versus Vasili Ponomarev in Condors zone.
3:32 of 2nd period - Slapshot by Max Pacioretty.
3:32 of 2nd period - Shot Misses the Net.
4:20 of 2nd period - Vasili Ponomarev is hit by Joel Kiviranta.
4:27 of 2nd period - Icing by Nathan Walker.
4:28 of 2nd period - Connor Bunnaman wins face-off versus Sheldon Dries in Checkers 2 zone.
4:29 of 2nd period - Wrist shot by Tristen Nielsen.
4:29 of 2nd period - Stopped by David Rittich without a rebound.
4:30 of 2nd period - Laurent Dauphin wins face-off versus Connor Bunnaman in Checkers 2 zone.
5:01 of 2nd period - Snap shot by Tristen Nielsen.
5:01 of 2nd period - Stopped by David Rittich without a rebound.
5:02 of 2nd period - Sheldon Dries wins face-off versus Connor Bunnaman in Checkers 2 zone.
5:20 of 2nd period - Penalty to Alexander True is over, Alexander True is back on ice.
5:38 of 2nd period - Minor Penalty to Wayne Simmonds for Goalie Interference.
5:39 of 2nd period - Laurent Dauphin wins face-off versus Hunter McKown in Checkers 2 zone.
5:55 of 2nd period - Snap shot by Max Jones.
5:55 of 2nd period - Shot Blocked by Scott Harrington.
6:13 of 2nd period - Slapshot by Alexander True.
6:13 of 2nd period - Stopped by David Rittich with a rebound.
6:15 of 2nd period - Wrist shot by James Hamblin.
6:15 of 2nd period - Shot Misses the Net.
7:38 of 2nd period - Penalty to Wayne Simmonds is over, Wayne Simmonds is back on ice.
8:25 of 2nd period - Snap shot by Wayne Simmonds.
8:25 of 2nd period - Stopped by Hunter Shepard without a rebound.
8:26 of 2nd period - Hunter McKown wins face-off versus Nathan Walker in Condors zone.
9:42 of 2nd period - Snap shot by Sheldon Dries.
9:42 of 2nd period - Shot Misses the Net.
10:33 of 2nd period - Jack St. Ivany is hit by Alex Galchenyuk and loses puck.
12:09 of 2nd period - Minor Penalty to Tristen Nielsen for Cross-checking.
12:10 of 2nd period - Vasili Ponomarev wins face-off versus Sheldon Dries in Condors zone.
12:51 of 2nd period - Slapshot by Grant Hutton.
12:51 of 2nd period - Deflect By Alexander True.
12:51 of 2nd period - Stopped by David Rittich without a rebound.
12:52 of 2nd period - Sheldon Dries wins face-off versus Alexander True in Checkers 2 zone.
13:00 of 2nd period - Minor Penalty to Jonathan Aspirot for Tripping.
13:01 of 2nd period - Austin Rueschhoff wins face-off versus Laurent Dauphin in Condors zone.
13:12 of 2nd period - Snap shot by Laurent Dauphin.
13:12 of 2nd period - Stopped by Hunter Shepard without a rebound.
13:13 of 2nd period - Austin Rueschhoff wins face-off versus Laurent Dauphin in Condors zone.
14:09 of 2nd period - Penalty to Tristen Nielsen is over, Tristen Nielsen is back on ice.
15:00 of 2nd period - Penalty to Jonathan Aspirot is over, Jonathan Aspirot is back on ice.
15:18 of 2nd period - Backhand shot by James Hamblin.
15:18 of 2nd period - Stopped by David Rittich with a rebound.
15:20 of 2nd period - Snap shot by Grant Hutton.
15:20 of 2nd period - Shot Misses the Net.
15:32 of 2nd period - Nathan Walker is hit by Grant Hutton and loses puck.
16:13 of 2nd period - Brett Ritchie is hit by Dmitri Samorukov and loses puck.
16:30 of 2nd period - Nathan Walker is hit by Andre Lee and loses puck.
16:45 of 2nd period - Icing by Conor Timmins.
16:46 of 2nd period - Vasili Ponomarev wins face-off versus Alex Galchenyuk in Checkers 2 zone.
16:47 of 2nd period - Snap shot by Max Jones.
16:47 of 2nd period - Stopped by David Rittich with a rebound.
19:39 of 2nd period - Icing by Austin Rueschhoff.
19:40 of 2nd period - Hunter McKown wins face-off versus Sheldon Dries in Condors zone.
Goals for this period are 0 for Condors vs 2 for Checkers 2.
Shots for this period are 7 for Condors vs 11 for Checkers 2.

3rd period


0:01 of 3rd period - Laurent Dauphin wins face-off versus Hunter McKown in neutral zone.
0:10 of 3rd period - Snap shot by Hunter McKown.
0:10 of 3rd period - Shot Blocked by Max Pacioretty.
0:12 of 3rd period - Slapshot by Dmitri Samorukov.
0:12 of 3rd period - Stopped by David Rittich without a rebound.
0:13 of 3rd period - Hunter McKown wins face-off versus Laurent Dauphin in Checkers 2 zone.
0:14 of 3rd period - Slapshot by Max Jones.
0:14 of 3rd period - Shot Blocked by Laurent Dauphin.
0:15 of 3rd period - Max Jones beats up Brett Ritchie.
0:15 of 3rd period - Penalty to Brett Ritchie for Fighting.
0:15 of 3rd period - Penalty to Max Jones for Fighting.
0:16 of 3rd period - Hunter McKown wins face-off versus Laurent Dauphin in Checkers 2 zone.
1:04 of 3rd period - Snap shot by Laurent Dauphin.
1:04 of 3rd period - Stopped by Hunter Shepard without a rebound.
1:05 of 3rd period - Hunter McKown wins face-off versus Laurent Dauphin in Condors zone.
1:16 of 3rd period - Wrist shot by Laurent Dauphin.
1:16 of 3rd period - Goal by Laurent Dauphin - Condors : 0 - Checkers 2 : 3.
1:17 of 3rd period - Laurent Dauphin wins face-off versus Hunter McKown in neutral zone.
1:20 of 3rd period - Tristen Nielsen is hit by Max Pacioretty and loses puck.
1:25 of 3rd period - Snap shot by Max Pacioretty.
1:25 of 3rd period - Deflect By Laurent Dauphin.
1:25 of 3rd period - Shot Blocked by Dmitri Samorukov.
1:25 of 3rd period - Puck is out of play.
1:26 of 3rd period - Laurent Dauphin wins face-off versus Hunter McKown in Condors zone.
1:27 of 3rd period - Snap shot by Nathan Walker.
1:27 of 3rd period - Stopped by Hunter Shepard with a rebound.
1:29 of 3rd period - Slapshot by Colton White.
1:29 of 3rd period - Stopped by Hunter Shepard without a rebound.
1:30 of 3rd period - Laurent Dauphin wins face-off versus Hunter McKown in Condors zone.
1:31 of 3rd period - Wrist shot by Max Pacioretty.
1:31 of 3rd period - Shot Misses the Net.
1:45 of 3rd period - Slapshot by Laurent Dauphin.
1:45 of 3rd period - Deflect By Nathan Walker.
1:45 of 3rd period - Shot Blocked by Jonathan Aspirot.
1:45 of 3rd period - Puck is out of play.
1:46 of 3rd period - Alexander True wins face-off versus Laurent Dauphin in Condors zone.
1:53 of 3rd period - Slapshot by James Hamblin.
1:53 of 3rd period - Shot Blocked by Colton White.
2:11 of 3rd period - Joel Hanley is hit by Hunter McKown and loses puck.
2:22 of 3rd period - Hudson Fasching is hit by Dmitri Samorukov and loses puck.
2:35 of 3rd period - Jake Christiansen is hit by Vasili Ponomarev and loses puck.
2:42 of 3rd period - Wrist shot by Cole Fonstad.
2:42 of 3rd period - Shot Misses the Net.
2:56 of 3rd period - Minor Penalty to Max Pacioretty for Holding Stick.
2:57 of 3rd period - Hunter McKown wins face-off versus Sheldon Dries in Checkers 2 zone.
3:02 of 3rd period - Snap shot by Tristen Nielsen.
3:02 of 3rd period - Shot Misses the Net.
3:08 of 3rd period - Snap shot by Tristen Nielsen.
3:08 of 3rd period - Shot Misses the Net.
3:22 of 3rd period - Slapshot by Alexander True.
3:22 of 3rd period - Shot Blocked by Sheldon Dries.
3:24 of 3rd period - Slapshot by Jonathan Aspirot.
3:24 of 3rd period - Deflect By James Hamblin.
3:24 of 3rd period - Shot Misses the Net.
3:24 of 3rd period - Puck is out of play.
3:25 of 3rd period - Laurent Dauphin wins face-off versus Alexander True in Checkers 2 zone.
3:38 of 3rd period - Slapshot by Jonathan Aspirot.
3:38 of 3rd period - Shot Misses the Net.
3:40 of 3rd period - Snap shot by Alexander True.
3:40 of 3rd period - Goal by Alexander True - Condors : 1 - Checkers 2 : 3.
3:41 of 3rd period - Laurent Dauphin wins face-off versus Hunter McKown in neutral zone.
4:12 of 3rd period - Snap shot by Jonathan Aspirot.
4:12 of 3rd period - Stopped by David Rittich with a rebound.
4:34 of 3rd period - Slapshot by Cole Fonstad.
4:34 of 3rd period - Shot Misses the Net.
4:36 of 3rd period - Slapshot by Tristen Nielsen.
4:36 of 3rd period - Shot Blocked by Nathan Walker.
4:52 of 3rd period - Max Pacioretty is hit by Austin Rueschhoff and loses puck.
5:05 of 3rd period - Hudson Fasching is hit by Vasili Ponomarev and loses puck.
5:20 of 3rd period - Snap shot by Colton White.
5:20 of 3rd period - Shot Blocked by Zack Hayes.
5:32 of 3rd period - Snap shot by Hudson Fasching.
5:32 of 3rd period - Shot Misses the Net.
8:18 of 3rd period - Icing by Nathan Walker.
8:19 of 3rd period - Sheldon Dries wins face-off versus Vasili Ponomarev in Checkers 2 zone.
8:24 of 3rd period - Backhand shot by Joel Hanley.
8:24 of 3rd period - Shot Blocked by Nick Wolff.
9:30 of 3rd period - Snap shot by Andre Lee.
9:30 of 3rd period - Goal by Andre Lee - Condors : 2 - Checkers 2 : 3.
9:31 of 3rd period - Hunter McKown wins face-off versus Laurent Dauphin in neutral zone.
9:34 of 3rd period - Slapshot by Jonathan Aspirot.
9:34 of 3rd period - Stopped by David Rittich with a rebound.
9:48 of 3rd period - Laurent Dauphin is hit by Austin Rueschhoff and loses puck.
10:32 of 3rd period - Slapshot by Dmitri Samorukov.
10:32 of 3rd period - Stopped by David Rittich without a rebound.
10:33 of 3rd period - Sheldon Dries wins face-off versus Alexander True in Checkers 2 zone.
10:42 of 3rd period - Snap shot by Nathan Walker.
10:42 of 3rd period - Stopped by Hunter Shepard with a rebound.
10:44 of 3rd period - Slapshot by Conor Timmins.
10:44 of 3rd period - Shot Blocked by James Hamblin.
10:46 of 3rd period - Wrist shot by Conor Timmins.
10:46 of 3rd period - Shot Misses the Net.
10:48 of 3rd period - Slapshot by Jake Christiansen.
10:48 of 3rd period - Stopped by Hunter Shepard with a rebound.
10:50 of 3rd period - Snap shot by Nathan Walker.
10:50 of 3rd period - Goal by Nathan Walker - Condors : 2 - Checkers 2 : 4.
10:51 of 3rd period - Sheldon Dries wins face-off versus Andre Lee in neutral zone.
11:27 of 3rd period - Snap shot by Laurent Dauphin.
11:27 of 3rd period - Shot Blocked by Dmitri Samorukov.
11:33 of 3rd period - Minor Penalty to Jonathan Aspirot for Hooking.
11:34 of 3rd period - Laurent Dauphin wins face-off versus Vasili Ponomarev in Condors zone.
11:37 of 3rd period - Snap shot by Max Pacioretty.
11:37 of 3rd period - Shot Misses the Net.
11:41 of 3rd period - Backhand shot by Laurent Dauphin.
11:41 of 3rd period - Deflect By Brett Ritchie.
11:41 of 3rd period - Shot Hit the Post.
11:41 of 3rd period - Puck is out of play.
11:42 of 3rd period - Vasili Ponomarev wins face-off versus Laurent Dauphin in Condors zone.
12:58 of 3rd period - Wrist shot by Brett Ritchie.
12:58 of 3rd period - Deflect By Max Pacioretty.
12:58 of 3rd period - Shot Blocked by Zack Hayes.
12:58 of 3rd period - Puck is out of play.
12:59 of 3rd period - Sheldon Dries wins face-off versus Alexander True in Condors zone.
13:08 of 3rd period - Wrist shot by Sheldon Dries.
13:08 of 3rd period - Shot Blocked by Grant Hutton.
13:10 of 3rd period - Slapshot by Conor Timmins.
13:10 of 3rd period - Shot Blocked by Grant Hutton.
13:33 of 3rd period - Penalty to Jonathan Aspirot is over, Jonathan Aspirot is back on ice.
13:33 of 3rd period - Vasili Ponomarev is hit by Conor Timmins and loses puck.
13:44 of 3rd period - Hunter McKown is hit by Alex Galchenyuk and loses puck.
13:49 of 3rd period - Snap shot by Alex Galchenyuk.
13:49 of 3rd period - Stopped by Hunter Shepard with a rebound.
14:49 of 3rd period - Snap shot by Tristen Nielsen.
14:49 of 3rd period - Stopped by David Rittich with a rebound.
14:51 of 3rd period - Slapshot by Jonathan Aspirot.
14:51 of 3rd period - Shot Misses the Net.
15:23 of 3rd period - Joel Hanley is hit by Max Jones.
16:48 of 3rd period - James Hamblin is hit by Brett Ritchie.
17:18 of 3rd period - Joel Hanley is hit by James Hamblin and loses puck.
17:39 of 3rd period - Alex Galchenyuk is hit by Austin Rueschhoff and loses puck.
17:58 of 3rd period - Alexander True is hit by Scott Harrington and loses puck.
18:50 of 3rd period - Alex Galchenyuk is hit by Connor Bunnaman and loses puck.
19:22 of 3rd period - Icing by Brandon Scanlin.
19:23 of 3rd period - Laurent Dauphin wins face-off versus Tristen Nielsen in Condors zone.
19:58 of 3rd period - Jake Christiansen is hit by James Hamblin and loses puck.
Goals for this period are 2 for Condors vs 2 for Checkers 2.
Shots for this period are 7 for Condors vs 8 for Checkers 2.